 Dungeon Crawl Stone Soup version 0.24.0-7-gb3623d2c88 (webtiles) character file.

Game seed: 3546035543105890723, levelgen mode: deterministic

12754 MisterOstroum the Fighter (level 11, -12/110 HPs)
             Began as a Troll Transmuter on Nov 2, 2019.
             Was a Priest of Hepliaklqana.
             Mangled by a hornet (14 damage)
             ... on level 9 of the Dungeon.
             The game lasted 00:23:27 (7322 turns).

MisterOstroum the Fighter (Troll Transmuter)        Turns: 7322, Time: 00:23:28

Health: -12/110    AC:  7    Str: 21    XL:     11   Next: 66%
Magic:  11/11      EV: 12    Int: 10    God:    Hepliaklqana [***...]
Gold:   425        SH:  0    Dex: 11    Spells: 4/12 levels left

rFire    . . .     SeeInvis .     - Unarmed
rCold    + . .     Gourm    +   (no shield)
rNeg     . . .     Faith    .   x - +1 robe {rC+}
rPois    .         Spirit   .   (helmet restricted)
rElec    .         Reflect  .   (no cloak)
rCorr    .         Harm     .   (gloves unavailable)
MR       .....                  (boots unavailable)
Stlth    +.........             (no amulet)
HPRegen  0.68/turn              (no ring)
MPRegen  0.12/turn              (no ring)

@: lethally poisoned (-12 -> -12), slowed, very slow
A: large, unfitting armour, reduced essence, claws 3, fast metabolism 3,
gourmand, regeneration 1, shaggy fur 1, tough skin 3
a: Recall Ancestor, Ancestor Identity, Transference, Renounce Religion


You were on level 9 of the Dungeon.
You worshipped Hepliaklqana.
Hepliaklqana was most pleased with you.
You were completely stuffed.

You visited 1 branch of the dungeon, and saw 9 of its levels.
You also visited: Sewer.

You collected 425 gold pieces.

Inventory:

Hand Weapons
 v - a +0 giant club
Missiles
 a - 89 arrows
 d - 340 stones
 o - 5 javelins (quivered)
 r - 10 large rocks
 C - a throwing net {!f}
Armour
 x - a +1 robe of cold resistance (worn)
Jewellery
 i - an uncursed ring of ice
Wands
 b - a wand of iceblast (19)
 y - a wand of random effects (19)
Scrolls
 f - 6 scrolls of teleportation {@r3 !r}
 g - 4 scrolls of remove curse
 h - a scroll of identify {@r1}
 k - 5 scrolls of blinking {@r4}
 m - 3 scrolls of fog
 n - 3 scrolls of enchant armour {unknown}
 s - a scroll of fear {unknown}
 u - 3 scrolls of magic mapping {@r5 !r}
 D - a scroll of amnesia {unknown}
 E - 2 scrolls of immolation
Potions
 c - 2 potions of lignification {@q6}
 l - 6 potions of curing {@q1 !q}
 p - 4 potions of might {@q3 !q}
 q - a potion of agility {@q5 !q}
 t - a potion of cancellation
 w - 2 potions of magic
 z - a potion of ambrosia
 A - a potion of brilliance
 F - a potion of haste {@q4 !q}
Comestibles
 e - 16 rations


   Skills:
 - Level 12.1 Fighting
 - Level 5.0 Dodging
 + Level 7.9 Unarmed Combat
 + Level 1.2 Spellcasting
 + Level 5.0 Transmutations


You had 4 spell levels left.
You knew the following spells:

 Your Spells              Type           Power        Failure   Level  Hunger
a - Beastly Appendage     Tmut           ##....       4%          1    ##.....
b - Sticks to Snakes      Tmut           ##......     7%          2    ###....
c - Blade Hands           Tmut           ##........   77%         5    ######.

Your spell library contained the following spells:

 Spells                   Type           Power        Failure   Level  Hunger
 Spider Form              Tmut/Pois      #.........   36%         3    ####...
 Ice Form                 Ice/Tmut       #.......     77%         4    #####..


Dungeon Overview and Level Annotations

Branches:
Dungeon (9/15)             Temple (0/1) D:5           Sewer (visited)
   Lair: D:8-11         Orc: D:9-12

Altars:
Ashenzari
Cheibriados
Fedhas
Hepliaklqana
Qazlal
Ru
Trog
Uskayaw
Vehumet
Xom
Yredelemnul
Zin
The Shining One

Shops:
D:4 }   D:9 *

Annotations:
D:4 3 runed translucent doors, Mrkan's ghost, amateur TrEE
D:7 2 transporters, toxicsyntax's ghost, novice DrMo


Innate Abilities, Weirdness & Mutations

You are too large for most types of armour.
You have claws for hands.
Your metabolism is lightning-fast.
You like to eat raw meat.
Your natural rate of healing is unusually fast.
You are covered in fur. (AC +1)
You have extremely tough skin. (AC +3)
Your life essence is reduced to manifest your ancestor. (-10% HP)


Message History

You feel as though you will be slow longer.
You can move again.
Unknown command.
Unknown command.
Unknown command.
Unknown command.
Throwing (i - inventory. (/) - cycle)
o - 6 javelins (quivered)
Press: ? - help, Shift-Dir - straight line, f - hornet
Aim: a hornet You throw a javelin.
The javelin barely misses the hornet.
The javelin closely misses the quokka skeleton.
The javelin pierces through the scorpion!
The scorpion is almost dead.
The javelin pierces through the vampire.
The vampire is lightly damaged.
The javelin pierces through the orc warrior but does no damage.
The orc warrior is no longer moving slowly.
The hornet stings you.
You are poisoned.
You shrug off the repeated paralysis!
The hornet stings you!
* * * LOW HITPOINT WARNING * * *
You are more poisoned.
You feel as though you will be slow longer.
The hornet barely misses you.
The orc wizard casts a spell.
The orc wizard flickers and vanishes!
You feel very sick. The hornet closely misses you. The hornet stings you!
* * * LOW HITPOINT WARNING * * *
You feel as though you will be slow longer.
Unknown command.
You feel sick.
Destroyer hits the hornet but does no damage.
The hornet barely misses Destroyer.
Destroyer misses the hornet.
The hornet stings Destroyer but does no damage.
The quokka skeleton bites Destroyer but does no damage.
You feel sick.
Destroyer hits the hornet with a +0 dagger of draining.
Destroyer drains the hornet.
The quokka skeleton bites Destroyer but does no damage.
Really quaff
j - a potion of heal wounds {@q2 !q}?
Okay, then.
Really quaff
j - a potion of heal wounds {@q2 !q}?
You feel much better.
You feel sick. The hornet stings you!
* * * LOW HITPOINT WARNING * * *
You feel as though you will be slow longer.
Destroyer hits the quokka skeleton with a +0 dagger of draining.
The quokka skeleton barely misses Destroyer.
The bullfrog hits Destroyer!
The hornet stings you!
* * * LOW HITPOINT WARNING * * *
You feel as though you will be slow longer.
Destroyer hits the bullfrog with a +0 dagger of draining!
Destroyer drains the bullfrog.
The quokka skeleton bites Destroyer.
Okay, then.
Really quaff
l - 7 potions of curing {@q1 !q}?
You feel better.
The bullfrog hits Destroyer.
The hornet barely misses you.
The bullfrog barely misses Destroyer.
The hornet stings you.
* * * LOW HITPOINT WARNING * * *
You are poisoned.
You feel as though you will be slow longer.
Destroyer misses the bullfrog.
The vampire gestures wildly while chanting.
The vampire flickers and vanishes!
The quokka skeleton bites Destroyer but does no damage.
The bullfrog hits Destroyer.
You feel more experienced!
Your Fighting skill gained 2 levels and is now at level 12!
You have reached level 11!
You feel sick. The hornet barely misses you.
The bullfrog misses Destroyer.
Destroyer gestures at the bullfrog while chanting.
The bullfrog resists with significant effort.
The hornet closely misses you.
The quokka skeleton closely misses Destroyer.
The bullfrog hits Destroyer but does no damage.
Destroyer hits the bullfrog with a +0 dagger of draining.
The hornet barely misses you.
The quokka skeleton barely misses Destroyer.
Unknown command.
You feel sick.
The bullfrog hits Destroyer!
Destroyer barely misses the bullfrog.
The bullfrog closely misses Destroyer.
The hornet stings you!
* * * LOW HITPOINT WARNING * * *
You are more poisoned.
You feel as though you will be slow longer.
The quokka skeleton closely misses Destroyer.
You feel sick.
The bullfrog hits Destroyer.
Destroyer barely misses the bullfrog.
The quokka skeleton bites Destroyer.
The bullfrog hits Destroyer.
The hornet stings you.
* * * LOW HITPOINT WARNING * * *
You feel as though you will be slow longer.
Destroyer hits the quokka skeleton with a +0 dagger of draining.
The quokka skeleton barely misses Destroyer.
The bullfrog barely misses Destroyer.
You feel sick.
The bullfrog barely misses Destroyer.
The hornet stings you.
* * * LOW HITPOINT WARNING * * *
You feel as though you will be slow longer.
Destroyer hits the quokka skeleton with a +0 dagger of draining.
The quokka skeleton is destroyed!
The bullfrog hits Destroyer.
The hornet stings you!
You die...

##.# #......#### #.
#..###...##..§.### #..
#.##.)))####.....# #..
##.##.#RF.{.V..(..÷ #.###
#..#....###.{......
#....####.#...### #........
#.........#s..# #........
#........<#y#######........
#.........@...........⌠.⌠..
#.........#########....∩...
#.........# #...⌠.⌠..
#.........# #......(.
######..### #.## ... ....
....


You could see the friendly Destroyer the hexer, a hornet, a bullfrog and a
scorpion.

Vanquished Creatures
  3 humans (D:7)
  A yak (D:7)
  3 hogs (D:7)
  A hungry ghost (D:8)
  4 ice beasts
  An orc warrior (D:7)
  3 phantoms
  A sky beast (D:7)
  7 ogres
  A necrophage (D:6)
  A centaur (D:7)
  A crocodile (D:8)
  The ghost of HangedMan the Magician, an amateur OpWz (D:3)
  A big kobold (D:8)
  Blork the orc (D:4)
  5 bullfrogs
  A gnoll sergeant (D:7)
  4 scorpions
  3 killer bees (D:8)
  3 howler monkeys (D:4)
  3 wights
  2 crimson imps (D:5)
  A centaur zombie (D:9)
  A bullfrog zombie (D:6)
  4 orc priests
  A hound (D:5)
  7 jellies
  Terence (D:3)
  10 orc wizards
  3 worker ants
  5 worker ant zombies
  13 adders
  6 gnolls
  A howler monkey skeleton (D:6)
  4 river rats (Sewer)
  A shadow imp (D:6)
  2 oozes
  6 worms
  4 dart slugs
  A leopard gecko (D:6)
  23 orcs
  9 bats
  2 giant cockroaches
  3 goblins
  7 hobgoblins
  12 jackals
  3 quokkas
  9 ball pythons
  7 frilled lizards
  10 kobolds
  A leopard gecko skeleton (D:4)
  A leopard gecko zombie (D:8)
  27 rats
  A spectral orc (D:5)
  A plant (D:8)
238 creatures vanquished.

Vanquished Creatures (collateral kills)
  Psyche (D:8)
  2 humans (D:7)
  An orc warrior (D:7)
  3 bullfrogs
  3 killer bees (D:8)
  A wight (D:6)
  An orc wizard (D:7)
  An orc priest (D:6)
  2 bullfrog skeletons
  A jelly (D:7)
  2 worker ants
  4 adders
  2 shadow imps
  An ooze (Sewer)
  A worm (D:4)
  4 orcs
  A giant cockroach (D:7)
  A jackal (D:5)
  2 ball pythons (Sewer)
  A frilled lizard (Sewer)
  A quokka skeleton (D:9)
  6 rats (Sewer)
42 creatures vanquished.

Vanquished Creatures (others)
  A wizard (D:4)
  5 hexers
  4 plants (D:8)
10 creatures vanquished.

Grand Total: 290 creatures vanquished

Notes
Turn   | Place    | Note
-------+----------+-------------------------------------------
     0 | D:1      | MisterOstroum the Troll Transmuter began the quest for the
                  | Orb.
     0 | D:1      | Reached XP level 1. HP: 18/18 MP: 1/1
   242 | D:1      | Reached skill level 1 in Fighting
   494 | D:1      | Reached XP level 2. HP: 27/27 MP: 2/2
   581 | D:1      | Learned a level 2 spell: Sticks to Snakes
   706 | D:2      | Found a blossoming altar of Fedhas.
   789 | D:2      | Reached XP level 3. HP: 33/33 MP: 1/3
  1039 | D:2      | Reached skill level 2 in Fighting
  1192 | D:3      | Reached XP level 4. HP: 42/42 MP: 4/4
  1328 | D:2      | Reached XP level 5. HP: 48/50 MP: 5/5
  1361 | D:3      | Found a runed translucent gate.
  1362 | D:3      | Found a runed translucent gate.
  1363 | D:3      | Found a runed translucent gate.
  1450 | D:3      | Found a hazy altar of Hepliaklqana.
  1476 | D:3      | Noticed Terence
  1489 | D:3      | Killed Terence
  1489 | D:3      | Reached skill level 3 in Fighting
  1620 | D:3      | Became a worshipper of Hepliaklqana the Forgotten
  1658 | D:3      | Found a sacrificial altar of Ru.
  1667 | D:3      | Found a stormy altar of Qazlal.
  1667 | D:3      | Found a snail-covered altar of Cheibriados.
  1681 | D:3      | Found a glowing silver altar of Zin.
  1685 | D:3      | Found a radiant altar of Vehumet.
  1772 | D:3      | Found a glowing golden altar of the Shining One.
  1936 | D:3      | Found a shattered altar of Ashenzari.
  1971 | D:3      | Noticed HangedMan's ghost (amateur OpWz)
  2041 | D:3      | Killed HangedMan's ghost
  2112 | D:4      | Noticed Mrkan's ghost (amateur TrEE)
  2112 | D:4      | Noticed an ice beast
  2127 | D:4      | Noticed Blork the orc
  2160 | D:4      | Reached XP level 6. HP: 54/54 MP: 6/6
  2234 | D:4      | Found Ronkaukom's Gadget Emporium.
  2236 | D:4      | Found a glowing drain.
  2244 | D:4      | Reached skill level 4 in Fighting
  2283 | D:4      | Found a runed translucent gate.
  2283 | D:4      | Found a runed translucent gate.
  2283 | D:4      | Found a runed translucent gate.
  2297 | D:4      | Reached XP level 7. HP: 62/63 MP: 7/7
  2352 | Sewer    | Entered a sewer
  2474 | Sewer    | Reached * piety under Hepliaklqana
  2647 | Sewer    | Reached skill level 5 in Fighting
  2748 | D:4      | Killed Blork the orc
  2867 | D:4      | Found a bloodstained altar of Trog.
  2868 | D:4      | Noticed a wizard
  2873 | D:4      | Killed a wizard
  3004 | D:4      | Reached XP level 8. HP: 67/72 MP: 8/8
  3013 | D:4      | Found a hide-covered altar of Uskayaw.
  3160 | D:5      | Entered Level 5 of the Dungeon
  3348 | D:5      | Reached skill level 6 in Fighting
  3408 | D:5      | Found a shimmering altar of Xom.
  3615 | D:5      | Found a basalt altar of Yredelemnul.
  3668 | D:5      | Found a staircase to the Ecumenical Temple.
  4248 | D:6      | Reached ** piety under Hepliaklqana
  4249 | D:6      | Remembered your ancestor Destroyer as a hexer
  4434 | D:6      | Reached XP level 9. HP: 80/80 MP: 9/9
  4469 | D:6      | Reached skill level 5 in Dodging
  4469 | D:6      | Reached skill level 5 in Unarmed Combat
  4514 | D:6      | Reached skill level 7 in Fighting
  5197 | D:7      | Reached skill level 8 in Fighting
  5562 | D:7      | Reached skill level 5 in Transmutations
  5622 | D:7      | Reached XP level 10. HP: 75/93 MP: 10/10
  5873 | D:7      | Reached skill level 9 in Fighting
  5974 | D:7      | Found a transporter.
  5989 | D:7      | Found a transporter.
  5993 | D:7      | Noticed toxicsyntax's ghost (novice DrMo)
  5994 | D:7      | Noticed a moth of wrath
  5998 | D:7      | Reached *** piety under Hepliaklqana
  6399 | D:8      | Noticed Psyche
  6438 | D:8      | Killed Psyche
  6671 | D:8      | Found a glowing silver altar of Zin.
  7249 | D:9      | Reached skill level 10 in Fighting
  7258 | D:9      | Learned a level 5 spell: Blade Hands
  7277 | D:9      | Found Xiyrezups's Assorted Antiques.
  7310 | D:9      | Paralysed by a hornet for 3 turns
  7319 | D:9      | Reached skill level 12 in Fighting
  7319 | D:9      | Reached XP level 11. HP: 19/110 MP: 11/11
  7322 | D:9      | HP: 2/110 [hornet (5)]
  7322 | D:9      | Mangled by a hornet

Levels and vault maps discovered:
D:1:      dpeg_arrival_signposts, layout_loops_ring
D:2:      layout_rooms, overflow_temple_1_default
D:3:      layout_rooms, lemuel_doored_altar, tso_metal_star, ashenzari_altar_1,
          minmay_overflow_temple_star_hex, ebering_ghost_rock_garden,
          uniq_terence
D:4:      layout_rooms, old_standard_altar, gammafunk_ghost_icy, first_ration,
          serial_shops, shop, cheibrodos_sewer_entry_sluice, trog_wizard,
          uniq_blork_the_orc
D:5:      layout_cave_pools, brannock_xom_greatest_gift,
          yredelemnul_forgotten_temple_becter, temple_doors_e
D:6:      layout_cave_pools, wad_rectangle_vault
D:7:      layout_cave_pools, gammafunk_ghost_berserking_beasts, grunt_livestock,
          minmay_ruffians
D:8:      layout_rooms, serial_bayou, serial_bayou_pond_e,
          serial_bayou_lagoon_a, serial_bayou_shore_b, serial_bayou_pond_e,
          basic_altar, uniq_psyche
D:9:      layout_rooms, serial_shops, shop_fountains

Skill      XL: |  1  2  3  4  5  6  7  8  9 10 |
---------------+-------------------------------+-----
Fighting       | 1 2 3 4 5 6 8 12 | 12.1
Dodging        | 2 3 4 5 |  5.0
Unarmed Combat | 4 6 7 |  7.9
Transmutations | 2 3 5 |  5.0
Spellcasting   | |  1.2

Action                   |  1- 3 |  4- 6 |  7- 9 | 10-12 || total
-------------------------+-------+-------+-------+-------++-------
Melee: Unarmed           |   126 |    95 |   363 |   166 ||   750
       Punch             |     3 |     1 |     8 |     5 ||    17
       Kick              |     1 |       |       |       ||     1
Throw: Stone             |     2 |       |     2 |       ||     4
       Javelin           |       |       |    39 |    22 ||    61
       Large rock        |       |       |    10 |       ||    10
 Cast: Beastly Appendage |     1 |       |       |       ||     1
Invok: Ancestor Identity |       |       |     2 |       ||     2
       Recall Ancestor   |       |       |     1 |     1 ||     2
       Ancestor Life: He |       |       |     1 |       ||     1
       Transference      |       |       |       |     1 ||     1
  Use: Scroll            |     1 |       |     9 |     4 ||    14
       Potion            |       |       |     2 |     4 ||     6
 Stab: Sleeping          |     3 |     1 |     1 |       ||     5
       Confused          |       |       |     1 |     1 ||     2
       Distracted        |       |       |     1 |       ||     1
  Eat: Chunk             |    16 |    11 |    31 |    15 ||    73
       Ration            |       |       |       |     2 ||     2
Armor: Robe              |    60 |    34 |   130 |    46 ||   270
       Skin              |       |       |       |     3 ||     3
Dodge: Dodged            |    82 |    51 |   220 |    96 ||   449
